 Dungeon Crawl Stone Soup version 0.27-a0-906-g0a00ce8 (webtiles) character file.

Game seed: 4782798348128143037

188 Nithhogg the Skirmisher (level 5, -14/42 HPs)
             Began as a Demonspawn Fighter on Apr 7, 2021.
             Demolished by Pikel
             ... wielding a +2 whip of electrocution
              (15 damage)
             ... on level 3 of the Dungeon.
             The game lasted 00:05:39 (4798 turns).

Nithhogg the Skirmisher (Demonspawn Fighter)        Turns: 4798, Time: 00:05:39

Health: -14/42     AC: 12    Str: 17    XL:     5   Next: 39%
Magic:  5/5        EV:  7    Int:  9    God:
Gold:   116        SH:  9    Dex: 13    Spells: 4/4 levels left

rFire    . . .     SeeInvis .   a - +1 long sword
rCold    . . .     Faith    .   c - +0 kite shield
rNeg     . . .     Spirit   .   b - +0 scale mail
rPois    .         Reflect  .   (no helmet)
rElec    .         Harm     .   (no cloak)
rCorr    .         Rampage  .   (no gloves)
Will     .....                  (no boots)
Stlth    ..........             (no amulet)
HPRegen  0.14/turn              (no ring)
MPRegen  0.09/turn              (no ring)

@: sanguine armoured
A: demonic guardian 1, sanguine armour 1
a: no special abilities


You were on level 3 of the Dungeon.
You visited 1 branch of the dungeon, and saw 4 of its levels.

You collected 116 gold pieces.

Inventory:

Hand Weapons
 a - a +1 long sword (weapon)
Missiles
 g - a throwing net
Armour
 b - a +0 scale mail (worn)
 c - a +0 kite shield (worn)
Jewellery
 i - a ring of protection from cold
Wands
 d - a wand of flame (14) (quivered)
 o - a wand of charming (10)
Scrolls
 j - a scroll of summoning {unknown}
 p - a scroll of amnesia {unknown}
 q - a scroll of holy word {unknown}
 r - a scroll of teleportation {unknown}
Potions
 e - a potion of heal wounds
 f - a potion of curing {unknown}
 h - a potion of resistance {unknown}
 k - 2 potions of lignification {unknown}
 l - a potion of flight {unknown}
 m - a potion of mutation {unknown}
 n - a potion of might


   Skills:
 + Level 4.0 Fighting
 + Level 3.0 Long Blades
 + Level 3.6 Armour
 + Level 3.5 Shields


You had 4 spell levels left.
You didn't know any spells.
Your spell library contained the following spells:

 Spells                   Type           Power      Damage    Failure   Level
 Confusing Touch          Hex            0%         N/A       100%        3
 Gell's Gravitas          Tloc           0%         N/A       100%        3
 Petrify                  Tmut/Erth      0%         N/A       100%        4
 Metabolic Englaciation   Hex/Ice        0%         N/A       100%        5
 Yara's Violent Unravell  Hex/Tmut       0%         3d3       100%        5


Dungeon Overview and Level Annotations

Branches:
Dungeon (4/15)
 Temple: D:4-7

Altars:

Annotations:
D:3 3 runed translucent doors, Pikel; ihitudie's ghost, amateur GnFi


Innate Abilities, Weirdness & Mutations

A weak demonic guardian rushes to your aid.
When seriously injured, your bleeding wounds create armour. (AC +6)


Message History

Annotate which branch? (. - D:3, ? - help, ! - show branch list)
Okay, then.
Annotate which branch? (. - D:3, ? - help, ! - show branch list)
What level of the Dungeon? 2 New annotation for D:2 (include '!' for warning):
Okay, then.
(D) Dungeon
Where to? (Enter - D:3, ? - help)
There is a stone staircase leading down here.
You climb downwards. 2 lemures and Pikel come into view.
Pikel is wielding a +2 whip of electrocution.
Pikel shouts!
The lemure shouts! x2; You hear a shout!
Found 20 stones.
Found an escape hatch in the ceiling.
There is a stone staircase leading up here.
A lemure comes into view. x2
Found a scroll of enchant weapon.
You see here 20 stones.
There is a stone staircase leading up here.
Your shield prevents you from hitting the lemure.
A dart slug comes into view.
You block the lemure's attack.
You closely miss the lemure.
The lemure shouts!
The lemure hits you.
You hit Pikel but do no damage. The lemure hits you. x2
Pikel hits you with a +2 whip of electrocution.
Your blood congeals into armour.
You are electrocuted!
You hit Pikel but do no damage. You block the lemure's attack.
You block Pikel's attack. The lemure barely misses you.
You block Pikel's attack.
You climb upwards.
Level annotation: 3 runed translucent doors, ihitudie's ghost, amateur GnFi
There is a stone staircase leading down here.
You barely miss Pikel. Pikel hits you but does no damage.
You are electrocuted!!
* * * LOW HITPOINT WARNING * * *
A demonic guardian appears!
You block the lemure's attack. Pikel hits you but does no damage.
You are electrocuted!
You die...

...# #..#........# ####
...# ##.#........# '###
########..........#
.#####.....###.........#
.##..........#.#.#######
.####+++###..#...#
###.8....W#..##..# #####
###....(.$#..##..##
#...####
..#..(....#.....@5#
#)..##..
###.....(♣#....5K.#
#...##..
#.(.(...#.......#
#.<.....
#########.......#
#...##.. #............#
######.. ######.......#
######.. #.......#
#....... ### ###.######
#.###### ..# #...## #.#
#


You could see Pikel (ally target), a lemure and a friendly white imp (summoned).

Vanquished Creatures
  Crazy Yiuf (D:2)
  Terence (D:2)
  Robin (D:2)
  2 adders
  2 dart slugs
  An orc (D:3)
  6 ball pythons
  4 bats
  3 endoplasms (D:1)
  3 giant cockroaches
  13 goblins
  7 hobgoblins
  9 jackals
  6 kobolds
  3 quokkas
  4 frilled lizards
  A rat (D:1)
67 creatures vanquished.

Vanquished Creatures (collateral kills)
  Jessica (D:2)
1 creature vanquished.

Vanquished Creatures (others)
  A dart slug (D:1)
  A fungus (D:2)
2 creatures vanquished.

Grand Total: 70 creatures vanquished

Notes
Turn   | Place    | Note
-------+----------+-------------------------------------------
     0 | D:1      | Nithhogg the Demonspawn Fighter began the quest for the
                  | Orb.
     0 | D:1      | Reached XP level 1. HP: 18/18 MP: 1/1
   137 | D:1      | Found a faded altar of an unknown god.
   335 | D:1      | Gained mutation: When seriously injured, your bleeding
                  | wounds create armour. (AC +6) [demonic ancestry]
   335 | D:1      | Reached XP level 2. HP: 24/24 MP: 2/2
   502 | D:1      | HP: 1/24 [poisoned by a kobold]
  1697 | D:2      | Noticed Robin
  1712 | D:2      | Gained mutation: A weak demonic guardian rushes to your
                  | aid. [demonic ancestry]
  1712 | D:2      | Reached XP level 3. HP: 24/29 MP: 3/3
  1718 | D:2      | Killed Robin
  1946 | D:2      | Noticed Terence
  2240 | D:2      | Killed Terence
  2241 | D:2      | Reached XP level 4. HP: 17/36 MP: 4/4
  2879 | D:2      | Noticed Jessica
  2883 | D:2      | Killed Jessica
  3525 | D:2      | Found a runed translucent door.
  3526 | D:2      | Noticed Crazy Yiuf
  3535 | D:2      | Killed Crazy Yiuf
  3536 | D:2      | Reached XP level 5. HP: 24/42 MP: 5/5
  3999 | D:3      | Reached skill level 4 in Fighting
  4681 | D:3      | Found a runed translucent gate.
  4681 | D:3      | Found a runed translucent gate.
  4681 | D:3      | Found a runed translucent gate.
  4682 | D:3      | Noticed ihitudie's ghost (amateur GnFi)
  4787 | D:4      | Noticed Pikel
  4787 | D:4      | Noticed a lemure
  4787 | D:4      | Noticed a lemure
  4788 | D:4      | Noticed a lemure
  4788 | D:4      | Noticed a lemure
  4798 | D:3      | HP: 1/42 [Pikel/+2 whip of electrocution (18)]
  4798 | D:3      | Demolished by Pikel

Illustrated notes

Levels and vault maps discovered:
D:1:      enne_arrival_octagon_isle, layout_basic, basic_ecumenical_altar,
          lemuel_old_faithful
D:2:      layout_basic, grunt_ministairs_1, minmay_misc_feat_alley, uniq_robin,
          uniq_terence, uniq_jessica, uniq_crazy_yiuf_cottage
D:3:      layout_basic, ebering_ghost_rock_garden, minmay_ruptured
D:4:      layout_cave_pools, gammafunk_ghost_nasty_kobolds, uniq_blork_the_orc,
          uniq_pikel

Skill      XL: |  1  2  3  4  5 |
---------------+----------------+-----
Long Blades    | 2 3 |  3.0
Armour         | 3 |  3.6
Shields        | 3 |  3.5
Fighting       | 4 |  4.0

Action                   |  1- 3 |  4- 6 || total
-------------------------+-------+-------++-------
Melee: Long sword        |   111 |    92 ||   203
Evoke: Wand              |       |     6 ||     6
  Use: Potion            |     1 |       ||     1
       Scroll            |       |     2 ||     2
Armor: Scale mail        |    57 |    46 ||   103
Dodge: Dodged            |    36 |    28 ||    64
Block: Kite shield       |    61 |    60 ||   121
       Rpst.: Long sword |     9 |    12 ||    21

Table legend: (Time is in decaauts)
 A = Elapsed time spent in this place.
 B = Non-inter-level travel time spent in this place.
 C = Inter-level travel time spent in this place.
 D = Time resting spent in this place.
 E = Time spent auto-exploring this place.
 F = Levels seen in this place.
 G = Mean time per level.
                   A        B        C        D        E       F      G
               +--------+--------+--------+--------+--------+-----+--------+
         Total |   4905 |   4828 |     77 |    652 |   3596 |   4 | 1226.2 |
       Dungeon |   4905 |   4828 |     77 |    652 |   3596 |   4 | 1226.2 |
               +--------+--------+--------+--------+--------+-----+--------+

Top non-repeatable levels by time:
     D:1: 1978 daAuts
     D:2: 1785 daAuts
     D:3: 1130 daAuts
     D:4: 11 daAuts
